TOP OF THE 1ST |
Blueville 83's batting - Pitching for Havana Rollers : RHP Jason Drake
|
Pitching: RHP Jason Drake
|
|
Batting: RHB Matt Perkins
|
0-0: Ball 1-0: Fly out, F7 (Line Drive, 7S)
|
Batting: LHB Roberto Trujillo
|
0-0: Ball 1-0: Ball 2-0: Ball 3-0: Called Strike 3-1: Base on Balls
|
Batting: LHB António Glaviz
|
0-0: Foul Ball, location: 2F 0-1: Ball 1-1: Ball 2-1: Fly out, F5 (Line Drive, 6)
|
Batting: LHB Felipe Cruz
|
0-0: Called Strike 0-1: Called Strike 0-2: Ball 1-2: Strikes out swinging
|
Top of the 1st over - 0 run(s), 0 hit(s), 0 error(s), 1 left on base; Blueville 0 - Havana 0 |
BOTTOM OF THE 1ST |
Havana Rollers batting - Pitching for Blueville 83's : RHP Javier González
|
Pitching: RHP Javier González
|
|
Batting: RHB Jesús Villalobos
|
0-0: Ball 1-0: Ball 2-0: Foul Ball, location: 2F 2-1: Swinging Strike 2-2: Ground out 6-3 (Groundball, 6)
|
Batting: RHB Francisco Rincón
|
0-0: Ball 1-0: Swinging Strike 1-1: Swinging Strike 1-2: Foul Ball, location: 2F 1-2: Foul Ball, location: 2F 1-2: Foul Ball, location: 2F 1-2: Strikes out swinging
|
Batting: SHB Edgardo Osorio
|
0-0: Ball 1-0: Ball 2-0: Ball 3-0: Called Strike 3-1: Ground out U3 (Groundball, 34)
|
Bottom of the 1st over - 0 run(s), 0 hit(s), 0 error(s), 0 left on base; Blueville 0 - Havana 0 |
TOP OF THE 2ND |
Blueville 83's batting - Pitching for Havana Rollers : RHP Jason Drake
|
Batting: LHB Ricardo Romero
|
0-0: Called Strike 0-1: Ball 1-1: Foul Ball, location: 2F 1-2: Strikes out swinging
|
Batting: RHB Jimmy Simon
|
0-0: Ball 1-0: Called Strike 1-1: Foul Ball, location: 2F 1-2: Foul Ball, location: 2F 1-2: Ball 2-2: Strikes out swinging
|
Batting: LHB Vincente Sáenz
|
0-0: Ball 1-0: Foul Ball, location: 2F 1-1: Foul Ball, location: 2F 1-2: Fly out, F9 (Line Drive, 9D)
|
Top of the 2nd over - 0 run(s), 0 hit(s), 0 error(s), 0 left on base; Blueville 0 - Havana 0 |
BOTTOM OF THE 2ND |
Havana Rollers batting - Pitching for Blueville 83's : RHP Javier González
|
Batting: SHB Pepe Piña
|
0-0: Ball 1-0: Called Strike 1-1: Called Strike 1-2: Ground out 4-3 (Groundball, 4M)
|
Batting: RHB Soshu Nakamura
|
0-0: Ball 1-0: Ground out 6-3 (Groundball, 6)
|
Batting: LHB Enrique Cortéz
|
0-0: Fly out, F5 (Popup, 56S)
|
Bottom of the 2nd over - 0 run(s), 0 hit(s), 0 error(s), 0 left on base; Blueville 0 - Havana 0 |
TOP OF THE 3RD |
Blueville 83's batting - Pitching for Havana Rollers : RHP Jason Drake
|
Batting: RHB Yoshihide Takahashi
|
0-0: SINGLE (Line Drive, 89S)
|
Batting: LHB Ron Robinson
|
0-0: Ball 1-0: Ball 2-0: Ball 3-0: Called Strike 3-1: Called Strike 3-2: Foul Ball, location: 2F 3-2: Base on Balls Yoshihide Takahashi to second
|
Batting: RHB Matt Perkins
|
0-0: Called Strike 0-1: Ball 1-1: Ball 2-1: Fielders Choice at 2nd, 5-4 (Groundball, 56) Yoshihide Takahashi to third
|
Batting: LHB Roberto Trujillo
|
0-0: Called Strike 0-1: Ball 1-1: Ball 2-1: Foul Ball, location: 2F 2-2: Foul Ball, location: 2F 2-2: Strikes out swinging
|
Batting: LHB António Glaviz
|
0-0: Called Strike 0-1: Ball 1-1: Called Strike 1-2: Ball 2-2: Strikes out swinging
|
Top of the 3rd over - 0 run(s), 1 hit(s), 0 error(s), 2 left on base; Blueville 0 - Havana 0 |
BOTTOM OF THE 3RD |
Havana Rollers batting - Pitching for Blueville 83's : RHP Javier González
|
Batting: RHB Luis Aguilar
|
0-0: Ball 1-0: Foul Ball, location: 2F 1-1: Called Strike 1-2: Ball 2-2: Ball 3-2: SINGLE (Groundball, 4MD)
|
Batting: SHB Yasuhiro Ikarashi
|
0-0: Ball 1-0: Foul Ball, location: 2F 1-1: Ball 2-1: Foul Ball, location: 2F 2-2: Ball 3-2: SINGLE (Groundball, 3) (infield hit) Luis Aguilar to second
|
Batting: LHB José Torres
|
0-0: Swinging Strike 0-1: Ball 1-1: Swinging Strike 1-2: Strikes out swinging
|
Batting: RHB Jesús Villalobos
|
0-0: Grounds into double play, 6-4-3 (Groundball, 56)
|
Bottom of the 3rd over - 0 run(s), 2 hit(s), 0 error(s), 1 left on base; Blueville 0 - Havana 0 |
TOP OF THE 4TH |
Blueville 83's batting - Pitching for Havana Rollers : RHP Jason Drake
|
Batting: LHB Felipe Cruz
|
0-0: Swinging Strike 0-1: Ball 1-1: Swinging Strike 1-2: Ball 2-2: Foul Ball, location: 2F 2-2: Strikes out swinging
|
Batting: LHB Ricardo Romero
|
0-0: Called Strike 0-1: Foul Ball, location: 2F 0-2: Ball 1-2: Foul Ball, location: 2F 1-2: Fly out, F9 (Flyball, 9D)
|
Batting: RHB Jimmy Simon
|
0-0: Ball 1-0: SINGLE (Flyball, 9LS)
|
Batting: LHB Vincente Sáenz
|
0-0: Ball Jimmy Simon steals 2nd base 1-0: Foul Ball, location: 2F 1-1: Foul Ball, location: 2F 1-2: Foul Ball, location: 2F 1-2: Ball 2-2: Fly out, F8 (Flyball, 8RS)
|
Top of the 4th over - 0 run(s), 1 hit(s), 0 error(s), 1 left on base; Blueville 0 - Havana 0 |
BOTTOM OF THE 4TH |
Havana Rollers batting - Pitching for Blueville 83's : RHP Javier González
|
Batting: RHB Francisco Rincón
|
0-0: Called Strike 0-1: Ball 1-1: Foul Ball, location: 2F 1-2: Ball 2-2: Ground out 6-3 (Groundball, 6)
|
Batting: SHB Edgardo Osorio
|
0-0: Ball 1-0: Foul Ball, location: 2F 1-1: Swinging Strike 1-2: Ball 2-2: Ground out 1-3 (Groundball, 15S)
|
Batting: SHB Pepe Piña
|
0-0: Ball 1-0: Fly out, F7 (Flyball, 78D)
|
Bottom of the 4th over - 0 run(s), 0 hit(s), 0 error(s), 0 left on base; Blueville 0 - Havana 0 |
TOP OF THE 5TH |
Blueville 83's batting - Pitching for Havana Rollers : RHP Jason Drake
|
Batting: RHB Yoshihide Takahashi
|
0-0: Ball 1-0: Ball 2-0: Foul Ball, location: 2F 2-1: Ball 3-1: Ground out 1-3 (Groundball, 13)
|
Batting: LHB Ron Robinson
|
0-0: Ball 1-0: Ball 2-0: Ball 3-0: Called Strike 3-1: Fly out, F9 (Flyball, 9S)
|
Batting: RHB Matt Perkins
|
0-0: Ball 1-0: Ball 2-0: Ground out 5-3 (Groundball, 56)
|
Top of the 5th over - 0 run(s), 0 hit(s), 0 error(s), 0 left on base; Blueville 0 - Havana 0 |
BOTTOM OF THE 5TH |
Havana Rollers batting - Pitching for Blueville 83's : RHP Javier González
|
Batting: RHB Soshu Nakamura
|
0-0: Ball 1-0: Reached via error on a dropped throw, E3
|
Batting: LHB Enrique Cortéz
|
0-0: Ball 1-0: Ball 2-0: Swinging Strike 2-1: Ball 3-1: Foul Ball, location: 2F 3-2: Foul Ball, location: 2F 3-2: Foul Ball, location: 2F 3-2: Base on Balls Soshu Nakamura to second
|
Batting: RHB Luis Aguilar
|
0-0: Ball 1-0: Ball 2-0: Swinging Strike 2-1: Ball 3-1: Foul Ball, location: 2F 3-2: Ground out U3 (Groundball, 34) Soshu Nakamura to third Enrique Cortéz to second
|
Batting: SHB Yasuhiro Ikarashi
|
0-0: Called Strike 0-1: DOUBLE (Line Drive, 78D) Soshu Nakamura scores Enrique Cortéz scores
|
Batting: LHB José Torres
|
0-0: Ball 1-0: Foul Ball, location: 2F 1-1: Ground out 2-3 (Groundball, 2L) Yasuhiro Ikarashi to third
|
Batting: RHB Jesús Villalobos
|
0-0: Ball 1-0: Called Strike 1-1: Fly out, F6 (Popup, 56D)
|
Bottom of the 5th over - 2 run(s), 1 hit(s), 1 error(s), 1 left on base; Blueville 0 - Havana 2 |
TOP OF THE 6TH |
Blueville 83's batting - Pitching for Havana Rollers : RHP Jason Drake
|
Batting: LHB Roberto Trujillo
|
0-0: Ball 1-0: Ground out 4-3 (Groundball, 34)
|
Batting: LHB António Glaviz
|
0-0: Ball 1-0: Foul Ball, location: 2F 1-1: Swinging Strike 1-2: Strikes out looking
|
Batting: LHB Felipe Cruz
|
0-0: Fly out, F4 (Line Drive, 34D)
|
Top of the 6th over - 0 run(s), 0 hit(s), 0 error(s), 0 left on base; Blueville 0 - Havana 2 |
BOTTOM OF THE 6TH |
Havana Rollers batting - Pitching for Blueville 83's : RHP Javier González
|
Batting: RHB Francisco Rincón
|
0-0: Ball 1-0: Called Strike 1-1: Ball 2-1: Called Strike 2-2: Strikes out swinging
|
Batting: SHB Edgardo Osorio
|
0-0: Ball 1-0: Ball 2-0: Foul Ball, location: 2F 2-1: SINGLE (Groundball, 6S) (infield hit)
|
Batting: SHB Pepe Piña
|
0-0: Ball 1-0: Called Strike 1-1: Swinging Strike 1-2: Hit by Pitch Edgardo Osorio to second
|
Batting: RHB Soshu Nakamura
|
0-0: Ball 1-0: Swinging Strike 1-1: Called Strike Edgardo Osorio steals 3rd base Pepe Piña to second 1-2: Ball 2-2: Foul Ball, location: 2F 2-2: Foul Ball, location: 2F 2-2: Strikes out swinging
|
Batting: LHB Enrique Cortéz
|
0-0: Ball 1-0: Ball 2-0: Ball 3-0: Base on Balls
|
Pitching: RHP José Ruíz
|
|
Batting: RHB Luis Aguilar
|
0-0: Ball 1-0: Called Strike 1-1: Ground out 4-3 (Groundball, 4M)
|
Bottom of the 6th over - 0 run(s), 1 hit(s), 0 error(s), 3 left on base; Blueville 0 - Havana 2 |
TOP OF THE 7TH |
Blueville 83's batting - Pitching for Havana Rollers : RHP Jason Drake
|
Batting: LHB Ricardo Romero
|
0-0: Called Strike 0-1: Ground out 3-1 (Groundball, 3S)
|
Batting: RHB Jimmy Simon
|
0-0: Swinging Strike 0-1: Ball 1-1: Ground out 6-3 (Groundball, 6)
|
Batting: LHB Vincente Sáenz
|
0-0: Fly out, F8 (Flyball, 8LM)
|
Top of the 7th over - 0 run(s), 0 hit(s), 0 error(s), 0 left on base; Blueville 0 - Havana 2 |
BOTTOM OF THE 7TH |
Havana Rollers batting - Pitching for Blueville 83's : RHP José Ruíz
|
Batting: SHB Yasuhiro Ikarashi
|
0-0: Ball 1-0: Ground out 4-3 (Groundball, 4)
|
Batting: LHB José Torres
|
0-0: Ball 1-0: Swinging Strike 1-1: Ball 2-1: Ball 3-1: Ground out 4-3 (Groundball, 4M)
|
Batting: RHB Jesús Villalobos
|
0-0: Ball 1-0: Ball 2-0: Ball 3-0: Foul Ball, location: 2F 3-1: Hit by Pitch
|
Batting: RHB Francisco Rincón
|
0-0: Called Strike 0-1: Ball 1-1: Ball 2-1: Fly out, F8 (Flyball, 8RM)
|
Bottom of the 7th over - 0 run(s), 0 hit(s), 0 error(s), 1 left on base; Blueville 0 - Havana 2 |
TOP OF THE 8TH |
Blueville 83's batting - Pitching for Havana Rollers : RHP Jason Drake
|
Batting: RHB Yoshihide Takahashi
|
0-0: Hit by Pitch
|
Batting: LHB Ron Robinson
|
0-0: SINGLE (Groundball, 34) (infield hit) Yoshihide Takahashi to second
|
Batting: RHB Matt Perkins
|
0-0: Sac Bunt - play at third, runner OUT! 2-5 Ron Robinson to second
|
Pitching: RHP Brad Sharpe
|
|
Batting: LHB Roberto Trujillo
|
0-0: Ball 1-0: Ball 2-0: Swinging Strike 2-1: Called Strike 2-2: Ball 3-2: Base on Balls Ron Robinson to third Matt Perkins to second
|
Pitching: LHP Dave Miller
|
|
Pinch Hitting: RHB Fernando Díaz
|
0-0: Ball 1-0: Called Strike 1-1: Foul Ball, location: 2F 1-2: GRAND SLAM HOME RUN (Flyball, 7D), Distance : 390 ft
|
Batting: LHB Felipe Cruz
|
0-0: Ball 1-0: Ball 2-0: Swinging Strike 2-1: Foul Ball, location: 2F 2-2: Foul Ball, location: 2F 2-2: Foul Ball, location: 2F 2-2: Fly out, F9 (Flyball, 9LSF)
|
Batting: LHB Ricardo Romero
|
0-0: Called Strike 0-1: Called Strike 0-2: Ball 1-2: Strikes out looking
|
Top of the 8th over - 4 run(s), 2 hit(s), 0 error(s), 0 left on base; Blueville 4 - Havana 2 |
BOTTOM OF THE 8TH |
Havana Rollers batting - Pitching for Blueville 83's : RHP José Ruíz
|
Now in CF: José Estrada
|
|
Batting: SHB Edgardo Osorio
|
0-0: Foul Ball, location: 2F 0-1: Ball 1-1: Ball 2-1: Ball 3-1: Base on Balls
|
Pitching: LHP Gian-Andrea Nota
|
|
Batting: SHB Pepe Piña
|
0-0: Ball 1-0: Called Strike 1-1: Swinging Strike 1-2: Foul Ball, location: 2F 1-2: Strikes out swinging
|
Pitching: RHP Félix Rivera
|
|
Batting: RHB Soshu Nakamura
|
0-0: Called Strike 0-1: Ball 1-1: Foul Ball, location: 2F 1-2: Fly out, F8 (Line Drive, 8LD)
|
Pitching: RHP Roberto Ledesma
|
|
Batting: LHB Enrique Cortéz
|
0-0: Foul Ball, location: 2F 0-1: Ball 1-1: Fly out, F8 (Flyball, 8RM)
|
Bottom of the 8th over - 0 run(s), 0 hit(s), 0 error(s), 1 left on base; Blueville 4 - Havana 2 |
TOP OF THE 9TH |
Blueville 83's batting - Pitching for Havana Rollers : LHP Dave Miller
|
Batting: RHB Jimmy Simon
|
0-0: Ball 1-0: Called Strike 1-1: Ball 2-1: SOLO HOME RUN (Flyball, 78XD), Distance : 415 ft
|
Pitching: RHP Valentín Luna
|
|
Batting: LHB Vincente Sáenz
|
0-0: Called Strike 0-1: Ball 1-1: Ball 2-1: Swinging Strike 2-2: Ball 3-2: Foul Ball, location: 2F 3-2: Base on Balls
|
Batting: RHB Yoshihide Takahashi
|
0-0: Ball 1-0: Bunted foul 1-1: Ball 2-1: Ball 3-1: Sac Bunt - play at first, batter OUT! 1-4 Vincente Sáenz to second
|
Batting: LHB Ron Robinson
|
0-0: Intentional Walk
|
Batting: RHB Matt Perkins
|
0-0: Called Strike 0-1: SINGLE (Groundball, 56D) Vincente Sáenz to third Ron Robinson to second Runner from 3rd tries for Home, SAFE, throw made home Ron Robinson to third Matt Perkins to second
|
Batting: LHB Roberto Trujillo
|
0-0: Intentional Walk
|
Batting: RHB José Estrada
|
0-0: Ball 1-0: Ball 2-0: Fielders Choice at 2nd, 3-6 (Groundball, 34) Ron Robinson scores Matt Perkins to third
|
Pitching: LHP Mike Doss
|
|
Batting: LHB Felipe Cruz
|
0-0: Called Strike 0-1: Ball 1-1: Ball 2-1: Called Strike 2-2: Foul Ball, location: 2F 2-2: Foul Ball, location: 2F 2-2: SINGLE (Groundball, 4D) Matt Perkins scores José Estrada to second Runner from 2nd tries for 3rd, SAFE, no throw
|
Batting: LHB Ricardo Romero
|
0-0: Called Strike 0-1: Called Strike 0-2: Strikes out swinging
|
Top of the 9th over - 4 run(s), 3 hit(s), 0 error(s), 2 left on base; Blueville 8 - Havana 2 |
BOTTOM OF THE 9TH |
Havana Rollers batting - Pitching for Blueville 83's : RHP Roberto Ledesma
|
Batting: RHB Luis Aguilar
|
0-0: Called Strike 0-1: Swinging Strike 0-2: Ball 1-2: Fly out, F9 (Line Drive, 9)
|
Batting: SHB Yasuhiro Ikarashi
|
0-0: Ball 1-0: Fly out, F9 (Line Drive, 9D)
|
Batting: LHB José Torres
|
0-0: Ball 1-0: Called Strike 1-1: Foul Ball, location: 2F 1-2: Foul Ball, location: 2F 1-2: Foul Ball, location: 2F 1-2: Strikes out swinging
|
Bottom of the 9th over - 0 run(s), 0 hit(s), 0 error(s), 0 left on base; Blueville 8 - Havana 2 |
|